Map: World of Sleepers LE

Players

Nigrnog

  • Race: Terran Terran
  • League: Silver
  • Spawn Location: 1:00

MooEsqoo - Winner!

  • Race: Zerg Zerg
  • Spawn Location: 7:00

VOD

Have the link to the VOD?

Description

Time

  • Played on: Dec. 19, 2019, 11:11 a.m.
  • Length: 7:36
Show
View Real Time Build Order
Export as new Build Order

Nigrnog Terran 

Build Orders:  

Get SALT Encoding   

  12  0:01  SCV  
  13  0:13  SCV  
  14  0:22  Supply Depot  
  14  0:25  SCV  
  15  0:38  Refinery  
  15  0:43  SCV  
  16  0:53  Barracks  
  16  0:55  SCV  
  17  1:11  SCV  
  18  1:23  SCV  
  19  1:35  SCV, Barracks  
  19  1:37  Barracks  
  20  1:43  Barracks  
  20  1:47  SCV  
  20  1:52  Marine  
  22  1:59  SCV  
  23  2:11  Supply Depot  
  23  2:14  Barracks Tech Lab  
  23  2:21  Supply Depot  
  23  2:27  Barracks Reactor  
  23  2:31  Barracks Reactor  
  23  2:32  Barracks Tech Lab  
  23  2:40  Reaper  
  24  2:46  Supply Depot  
  24  2:58  Refinery  
  24  2:59  Marauder  
  26  3:12  Reaper  
  27  3:18  Orbital Command  
  27  3:19  Marine  
  27  3:20  Marine  
  29  3:29  Marine x3  
  32  3:37  Marine  
  34  3:44  Reaper  
  34  3:47  SCV, Marine x2  
  40  3:55  Marauder  
  40  4:02  Reaper x2  
  41  4:12  Supply Depot  
  41  4:16  Reaper  
  44  4:17  Marauder  
  44  4:18  Supply Depot, SCV  
  44  4:22  Reaper  
  44  4:23  Reaper  
  49  4:38  Marauder  
  49  4:41  Supply Depot, Marine x2  
  51  4:48  Marine  
  52  4:54  Marine  
  52  4:56  Factory  
  55  5:00  Marauder  
  55  5:13  Marauder  
  57  5:22  Factory  
  57  5:26  Factory  
  57  5:30  Marauder  
  57  5:33  SCV  
  60  5:45  SCV  
  60  5:47  Reaper  
  60  5:49  Reaper  
  63  5:57  Reaper  
  63  5:58  SCV  
  65  6:24  Marine x3  
  68  6:25  Command Center  
  68  6:36  Marine x3  
  71  6:44  Supply Depot  
  71  6:48  Factory Tech Lab  
  71  6:49  Marine  
  71  6:50  Marine  
  67  6:58  Marine x2  
  67  6:59  Marine  
  70  7:14  Marine x3  
  73  7:16  Marine  
Show
View Real Time Build Order
Export as new Build Order

MooEsqoo Zerg - Winner!

Build Orders: Hatch First 

Get SALT Encoding   

  12  0:02  Drone  
  13  0:13  Overlord  
  13  0:28  Drone  
  14  0:34  Drone x2  
  16  0:56  Hatchery  
  15  0:59  Extractor  
  15  1:01  Drone x2  
  16  1:05  Drone  
  17  1:15  Drone  
  18  1:32  Drone  
  19  1:38  Drone  
  20  1:44  Spawning Pool  
  19  1:48  Drone  
  20  1:56  Drone  
  21  2:07  Overlord  
  21  2:27  Drone  
  21  2:28  Drone  
  23  2:33  Zergling x2  
  23  2:34  Drone, Zergling x2  
  23  2:35  Queen  
  23  2:36  Queen  
  30  2:47  Drone  
  30  2:50  Overlord  
  31  2:59  Metabolic Boost  
  31  3:19  Hatchery  
  30  3:31  Drone x3, Overlord  
  30  3:33  Drone, Zergling x2  
  35  3:44  Baneling Nest  
  35  3:47  Roach Warren  
  33  3:52  Zergling x4  
  35  4:12  Queen x2  
  35  4:16  Drone x3  
  42  4:18  Drone x2  
  42  4:20  Zergling x2  
  45  4:38  Drone x4  
  47  4:45  Drone x3  
  51  4:46  Drone, Roach x2  
  51  4:48  Overlord x2  
  57  5:10  Extractor  
  57  5:11  Extractor  
  55  5:14  Ravager x2  
  55  5:18  Roach x6  
  55  5:19  Extractor, Roach  
  70  5:37  Baneling  
  70  5:38  Baneling x4  
  70  5:40  Zergling x8  
  74  5:43  Overlord x2  
  74  6:01  Roach x2  
  74  6:02  Roach x4  
  86  6:06  Zergling x8  
  86  6:09  Overlord x2  
  90  6:27  Queen x3  
  96  6:36  Roach x5  
  106  6:40  Overlord x3  
  106  6:42  Overlord  
  106  6:58  Ravager x2  
  106  6:59  Ravager x4  
  112  7:02  Drone x3  
  115  7:22  Extractor  
Tags
 
Add a new tag
Caveats
  • Supply blocks, unpowered buildings, or Contaminate may cause inaccurate times.
  • Supply counts are checked every 10 seconds.